 Dungeon Crawl Stone Soup version 0.19-a0-1268-g6c5d9f8 (webtiles) character file.

189 kae the Chiller (level 5, -1/35 HPs)
             Began as a Merfolk Ice Elementalist on Aug 29, 2016.
             Killed from afar by Ijyb (7 damage)
             ... with a wand of lightning
             ... on level 3 of the Dungeon.
             The game lasted 00:05:52 (2737 turns).

kae the Chiller (Merfolk Ice Elementalist)          Turns: 2737, Time: 00:05:53

Health: -1/35      AC:  5    Str:  9    XL:     5   Next: 68%
Magic:  3/10       EV: 13    Int: 15    God:
Gold:   196        SH:  0    Dex: 14    Spells: 1 memorised, 9 levels left

rFire  . . .     SeeInvis .     n - +0 spear
rCold  . . .     Gourm    .     a - +0 robe
rNeg   . . .     Faith    .     (no shield)
rPois  +         Spirit   .     (no helmet)
rElec  .         Dismiss  .     g - +2 cloak {rPois}
rCorr  .         Reflect  .     (no gloves)
MR     +....     Harm     .     (no boots)
Stlth  ++........               (no amulet)
                                x - ring of flight
                                o - ring of protection from magic

@: no status effects
A: change form in water, swift swim, stealthy swim
a: Evoke Flight


You were on level 3 of the Dungeon.
You were not hungry.

You visited 1 branch of the dungeon, and saw 3 of its levels.
You also visited: Sewer.

You collected 196 gold pieces.

Inventory:

Hand Weapons
 n - a +0 spear (weapon)
Armour
 a - a +0 robe (worn)
 f - a +0 cloak
 g - a +2 cloak of poison resistance (worn)
Jewellery
 o - a ring of protection from magic (left hand)
 x - a ring of flight (right hand)
Scrolls
 e - 3 scrolls of enchant armour {unknown}
 i - 3 scrolls of remove curse {unknown}
 j - 2 scrolls of fear {unknown}
 l - 4 scrolls of blinking {unknown}
 p - 3 scrolls of amnesia {unknown}
 r - a scroll of fog {unknown}
Potions
 h - 7 potions of curing
 k - 4 potions of heal wounds
 q - 2 potions of lignification
 s - a potion of invisibility
 t - a potion of might {unknown}
 u - a potion of magic {unknown}
Books
 b - a book of Frost

   Spells                             Type                      Level
   a - Freeze                         Ice                          1
   b - Throw Frost                    Conjuration/Ice              2
   c - Ozocubu's Armour               Charms/Ice                   3
   d - Throw Icicle                   Conjuration/Ice              4
   e - Summon Ice Beast               Ice/Summoning                4
Comestibles
 c - 2 bread rations
 m - a beef jerky
 v - a meat ration
 w - a chunk of flesh


   Skills:
 - Level 2.6 Dodging
 - Level 2.1 Stealth
 + Level 3.3 Spellcasting
   Level 0.7 Conjurations
 * Level 5.8 Ice Magic


You had 9 spell levels left.
You knew the following spells:

 Your Spells              Type           Power        Failure   Level  Hunger
a - Freeze                Ice            ###.         1%          1    None


Dungeon Overview and Level Annotations

Branches:
Dungeon (3/15)

Altars:
Nemelex Xobeh
Okawaru
Yredelemnul

Annotations:
D:3 Ijyb


Message History

Casting: Freeze
Confirm with . or Enter, or press ? or * to list all spells.
Aiming: Freeze
Press: ? - help, Shift-Dir - straight line, f/p - Ijyb
Aim: Ijyb, wielding an enchanted club (lightly wounded)
You freeze Ijyb.
Ijyb is heavily wounded.
Ijyb zaps a wand.
The bolt of lightning hits you!
Ouch! That really hurt!
* * * LOW HITPOINT WARNING * * *
It is a wand of lightning.
Casting: Freeze
Confirm with . or Enter, or press ? or * to list all spells.
Aiming: Freeze
Press: ? - help, Shift-Dir - straight line, f/p - Ijyb
Aim: Ijyb, wielding an enchanted club and carrying a wand of lightning {zapped: 1} (heavily wounded)
You freeze Ijyb.
Ijyb is heavily wounded.
Ijyb zaps a wand.
The bolt of lightning hits you!
You die...

## ⌠.⌠... #. ....≈≈ #.
≈≈≈≈≈≈ .. ##.###...####
.# ##.....#.....##.#
##....%........#.# #
#................# .#
#..>.g@.........###.##
#...r..?........#....#
#...............#....#
................)†..).#
.....>..........>)#..##
................###..#
................###..#
#####..##.#..........#
##.........###...#


You could see Ijyb and a rat.

Vanquished Creatures
  Crazy Yiuf (D:2)
  An orc wizard (D:3)
  5 river rats
  An ooze (D:1)
  A worm (D:2)
  A dart slug (D:1)
  4 giant geckos
  2 orcs (D:3)
  5 giant cockroaches
  10 goblins
  7 hobgoblins
  13 kobolds
  A quokka (D:2)
  A ball python (Sewer)
  2 bats
  12 giant newts
  10 rats
77 creatures vanquished.

Notes
Turn   | Place    | Note
-------+----------+-------------------------------------------
     0 | D:1      | kae the Merfolk Ice Elementalist began the quest for the Orb.
     0 | D:1      | Reached XP level 1. HP: 13/13 MP: 3/3
   123 | D:1      | Reached XP level 2. HP: 10/19 MP: 1/5
   441 | D:1      | Reached skill level 4 in Ice Magic
   608 | D:1      | Reached XP level 3. HP: 20/24 MP: 1/6
  1103 | D:2      | Found a runed door.
  1127 | D:2      | Found an iron altar of Okawaru.
  1594 | D:2      | Found a sparkling altar of Nemelex Xobeh.
  1594 | D:2      | Found a basalt altar of Yredelemnul.
  1680 | D:2      | Noticed Crazy Yiuf
  1686 | D:2      | Killed Crazy Yiuf
  1686 | D:2      | Reached XP level 4. HP: 10/30 MP: 3/8
  1925 | D:3      | Reached skill level 5 in Ice Magic
  1926 | D:3      | Found a glowing drain.
  1981 | Sewer    | Entered a sewer
  2185 | Sewer    | Reached XP level 5. HP: 13/35 MP: 7/9
  2732 | D:3      | Noticed Ijyb
  2737 | D:3      | Killed from afar by Ijyb

Vault maps used:
D:1:      dpeg_arrival_prison, minmay_misc_feat_pillars
D:2:      okawaru_ov_weapons_minmay, gammafunk_temple_overflow_statue,
          uniq_crazy_yiuf_cottage
D:3:      nicolae_gozag_zags_fifth_avenue, xom_teletrap_fun, first_bread,
          portal_sewer_entry_a, item_on_display_a, uniq_iyjb
Sewer:    sewer_co_cracked_pipes

Skill      XL: |  1  2  3  4 |
---------------+-------------+-----
Ice Magic      | 4 5 |  5.8
Spellcasting   | 3 |  3.3
Dodging        | |  2.6
Stealth        | |  2.1
Conjurations   | |  0.7

Action                   |  1- 3 |  4- 6 || total
-------------------------+-------+-------++-------
Melee: Unarmed           |    52 |       ||    52
       Spear             |     7 |    62 ||    69
       Tailslap          |       |     1 ||     1
 Cast: Freeze            |    53 |    34 ||    87
  Use: Scroll            |       |     4 ||     4
 Stab: Sleeping          |     3 |     5 ||     8
  Eat: Chunk             |     1 |     3 ||     4
       Fruit             |     1 |       ||     1
       Pizza             |     1 |       ||     1
Armor: Robe              |    15 |     5 ||    20
Dodge: Dodged            |    49 |    38 ||    87
